 Dungeon Crawl Stone Soup version 0.22.1-1-ga44c0e5 (webtiles) character file.

1753 Fang the Chopper (level 9, -2/55 HPs)
             Began as a Gargoyle Berserker on Oct 15, 2018.
             Was a Priest of Trog.
             Slain by a howler monkey (3 damage)
             ... on level 7 of the Dungeon.
             The game lasted 00:04:05 (5821 turns).

Fang the Chopper (Gargoyle Berserker)               Turns: 5821, Time: 00:04:06

Health: -2/55      AC:  9    Str: 25    XL:     9   Next: 6%
Magic:  9/9        EV: 14    Int:  7    God:    Trog [***...]
Gold:   296        SH:  0    Dex: 14    Spells: 8/8 levels left

rFire    . . .     SeeInvis .   C - +0 war axe
rCold    . . .     Gourm    .   (no shield)
rNeg     + . .     Faith    .   b - +0 animal skin
rPois    ∞         Spirit   .   (no helmet)
rElec    +         Reflect  .   i - +0 cloak (curse)
rCorr    .         Harm     .   (no gloves)
MR       .....                  (no boots)
Stlth    +++.......             (no amulet)
HPRegen  0.18/turn              g - +5 ring of dexterity
MPRegen  0.11/turn              (no ring)

@: marked, berserk cooldown, slowed, very slow
A: negative energy resistance 1, electricity resistance, unbreathing,
petrification resistance, rot immunity, AC +6
a: Berserk, Trog's Hand, Renounce Religion


You were on level 7 of the Dungeon.
You worshipped Trog.
Trog was most pleased with you.
You were hungry.

You visited 1 branch of the dungeon, and saw 7 of its levels.

You collected 296 gold pieces.

Inventory:

Hand Weapons
 C - a +0 war axe (weapon)
Armour
 b - a +0 animal skin (worn)
 i - a cursed +0 cloak (worn)
Jewellery
 g - a +5 ring of dexterity (left hand)
Wands
 y - a wand of paralysis (9)
 A - a wand of iceblast (18)
Scrolls
 d - 4 scrolls of blinking {unknown}
 e - 11 scrolls of identify {unknown}
 h - 4 scrolls of immolation {unknown}
 j - a scroll of enchant weapon {unknown}
 k - a scroll of fear {unknown}
 l - 5 scrolls of remove curse {unknown}
 n - a scroll of magic mapping {unknown}
 o - 2 scrolls of enchant armour {unknown}
 p - 3 scrolls of amnesia {unknown}
 r - 4 scrolls of teleportation {unknown}
 x - a scroll of fog {unknown}
Potions
 a - 2 potions of mutation {unknown}
 f - a potion of lignification {unknown}
 m - 2 potions of brilliance {unknown}
 q - 4 potions of heal wounds {unknown}
 s - a potion of agility {unknown}
 t - a potion of magic {unknown}
 u - a potion of berserk rage {unknown}
 v - 3 potions of curing {unknown}
 w - 2 potions of degeneration {unknown}
 z - a potion of haste {unknown}
 B - 3 potions of might {unknown}
Comestibles
 c - 11 rations


   Skills:
 + Level 6.2 Fighting
 + Level 7.8 Axes
 + Level 2.5 Armour
 + Level 4.4 Dodging
 + Level 4.2 Stealth


You had 8 spell levels left.
You didn't know any spells.
Your spell library was empty.

Dungeon Overview and Level Annotations

Branches:
Dungeon (7/15)             Temple (0/1) D:7

Altars:
Ashenzari
Cheibriados
Hepliaklqana
Qazlal
Trog
Xom
The Shining One

Shops:
D:4 *

Annotations:
D:7 1 runed door


Innate Abilities, Weirdness & Mutations

You are resistant to torment.
Your stone body is resilient. (AC +6)
You are immune to poison.
You resist negative energy. (rN+)
You are resistant to electric shocks. (rElec)
You can survive without breathing.
You are immune to petrification.
You are immune to rotting.


Message History

* * * LOW HITPOINT WARNING * * *
You hit the howler monkey.
The howler monkey is moderately wounded.
The howler monkey hits you but does no damage.
The howler monkey misses you.
You slash the howler monkey!
The howler monkey is heavily wounded.
You hit the howler monkey. The howler monkey misses you.
The howler monkey closely misses you.
The howler monkey hoots and howls with incredible vigour!
The howler monkey hits you.
* * * LOW HITPOINT WARNING * * *
You closely miss the howler monkey.
The howler monkey is heavily wounded.
You hit the howler monkey.
The howler monkey hoots and howls with incredible vigour!
The howler monkey hits you.
* * * LOW HITPOINT WARNING * * *
The howler monkey hits you.
You die...

♣.♣♣
...#####....
♣♣.♣
#..........
♣.♣♣
########...
♣♣.♣♣
#######..
♣...♣♣
######........
♣....♣
#.h....#######
#....#
#.######
#(...####.#
##...@hSh.#
##..h#####
#####


You could see 3 howler monkeys and an adder.

Vanquished Creatures
  Harold (D:7)
  A sky beast (D:6)
  A centaur (D:6)
  An ogre (D:5)
  A centaur zombie (D:7)
  2 crimson imps
  2 quasits (D:7)
  3 hounds
  A bullfrog skeleton (D:7)
  2 orc priests
  2 jellies (D:6)
  2 orc wizards
  7 worker ants
  5 adders
  2 shadow imps
  An ooze (D:2)
  3 adder skeletons (D:6)
  4 worms
  2 dart slugs
  4 leopard geckos
  6 orcs
  4 giant cockroaches
  5 goblins
  9 hobgoblins
  4 jackals (D:1)
  4 kobolds
  4 quokkas
  3 ball pythons
  4 bats (D:2)
  4 frilled lizards
  A leopard gecko skeleton (D:6)
  2 quokka skeletons
  9 rats
106 creatures vanquished.

Notes
Turn   | Place    | Note
-------+----------+-------------------------------------------
     0 | D:1      | Fang the Gargoyle Berserker began the quest for the Orb.
     0 | D:1      | Reached XP level 1. HP: 14/14 MP: 1/1
   168 | D:1      | Reached XP level 2. HP: 16/19 MP: 2/2
   288 | D:1      | Reached skill level 3 in Axes
   313 | D:1      | Found a glowing golden altar of the Shining One.
  1061 | D:2      | Reached XP level 3. HP: 24/24 MP: 3/3
  1186 | D:2      | Reached ** piety under Trog
  1302 | D:2      | Found a stormy altar of Qazlal.
  1525 | D:2      | Reached XP level 4. HP: 20/29 MP: 4/4
  1978 | D:3      | Found a hazy altar of Hepliaklqana.
  2630 | D:4      | Found Woforaor's Distillery.
  2687 | D:4      | Got a scorched spear
  2688 | D:4      | Identified the +6 spear "Voreur" {venom, Str+2 Int+3} (You
                  | found it on level 4 of the Dungeon)
  2740 | D:4      | Found Joepuac's General Store.
  2798 | D:4      | Reached skill level 4 in Axes
  3061 | D:4      | Reached skill level 1 in Stealth
  3061 | D:4      | Reached XP level 5. HP: 26/33 MP: 5/5
  3183 | D:4      | Found a bloodstained altar of Trog.
  3263 | D:5      | Entered Level 5 of the Dungeon
  3433 | D:5      | Reached XP level 6. HP: 27/39 MP: 6/6
  3685 | D:5      | Reached *** piety under Trog
  3794 | D:5      | Reached skill level 5 in Axes
  4055 | D:6      | Found a shattered altar of Ashenzari.
  4112 | D:6      | Reached XP level 7. HP: 44/44 MP: 7/7
  4178 | D:6      | Found a shimmering altar of Xom.
  4297 | D:6      | Reached skill level 5 in Fighting
  4331 | D:6      | Reached skill level 6 in Axes
  4338 | D:6      | Found a snail-covered altar of Cheibriados.
  5504 | D:7      | Reached XP level 8. HP: 49/49 MP: 8/8
  5718 | D:7      | Found a staircase to the Ecumenical Temple.
  5778 | D:7      | Found a runed door.
  5791 | D:7      | Noticed Harold
  5804 | D:7      | Killed Harold
  5804 | D:7      | Reached skill level 7 in Axes
  5804 | D:7      | Reached XP level 9. HP: 5/55 MP: 9/9
  5821 | D:7      | HP: 1/55 [howler monkey (4)]
  5821 | D:7      | Slain by a howler monkey

Skill      XL: |  1  2  3  4  5  6  7  8 |
---------------+-------------------------+-----
Axes           | 3 4 5 6 7 |  7.8
Dodging        | 2 3 4 |  4.4
Fighting       | 4 5 6 |  6.2
Stealth        | 1 2 4 |  4.2
Armour         | |  2.5

Action                   |  1- 3 |  4- 6 |  7- 9 || total
-------------------------+-------+-------+-------++-------
Melee: Hand axe          |    87 |   149 |    73 ||   309
       War axe           |       |       |    59 ||    59
Invok: Berserk           |     1 |     2 |     2 ||     5
 Stab: Sleeping          |       |     4 |     4 ||     8
  Eat: Chunk             |     2 |     8 |     3 ||    13
       Ration            |       |     1 |     1 ||     2
Armor: Animal skin       |    31 |    34 |    51 ||   116
Dodge: Dodged            |    63 |    87 |   112 ||   262
